 Dungeon Crawl Stone Soup version 0.23.2-30-g0e89c35649 (webtiles) character file.

Game seed: 10155025732192165060

718 senseless the Conjurer (level 7, -3/53 HPs)
             Began as a Green Draconian Conjurer on June 8, 2019.
             Slain by an orc warrior
             ... wielding a +0 scimitar
              (6 damage)
             ... on level 5 of the Dungeon.
             The game lasted 00:28:57 (5757 turns).

senseless the Conjurer (Green Draconian Conjurer)   Turns: 5757, Time: 00:28:58

Health: -3/53      AC: 11    Str: 10    XL:     7   Next: 42%
Magic:  6/13       EV: 13    Int: 18    God:
Gold:   327        SH:  0    Dex: 11    Spells: 12/15 levels left

rFire    . . .     SeeInvis .   j - +1 dagger (venom)
rCold    . . .     Gourm    .   (no shield)
rNeg     . . .     Faith    .   (armour unavailable)
rPois    +         Spirit   .   (helmet restricted)
rElec    .         Reflect  .   i - +2 cloak
rCorr    .         Harm     .   (no gloves)
MR       .....                  m - +1 pair of boots
Stlth    ++........             (no amulet)
HPRegen  0.17/turn              f - +3 ring of slaying
MPRegen  0.13/turn              (no ring)

@: no status effects
A: breathe noxious fumes, unfitting armour, poison resistance, cold-blooded, AC
+6
a: Breathe Noxious Fumes


You were on level 5 of the Dungeon.
You were not hungry.

You visited 1 branch of the dungeon, and saw 5 of its levels.

You collected 327 gold pieces.

Inventory:

Hand Weapons
 d - a +1 morningstar of protection
 j - a +1 dagger of venom (weapon)
Armour
 i - a +2 cloak (worn)
 m - a +1 pair of boots (worn)
Jewellery
 f - a +3 ring of slaying (left hand)
Wands
 c - a wand of random effects (18)
Scrolls
 g - 2 scrolls of teleportation
 k - a scroll of fog {unknown}
 n - a scroll of identify
 o - a scroll of enchant armour
Potions
 a - 7 potions of curing
 e - a potion of flight
 h - a potion of cancellation
 l - a potion of agility {unknown}
Comestibles
 b - 10 rations


   Skills:
 + Level 1.7 Fighting
 + Level 2.0 Short Blades
 + Level 3.0 Dodging
 + Level 2.7 Stealth
 + Level 4.5 Spellcasting
 + Level 6.4 Conjurations


You had 12 spell levels left.
You knew the following spells:

 Your Spells              Type           Power        Failure   Level  Hunger
a - Magic Dart            Conj           ####         1%          1    None
b - Searing Ray           Conj           ####..       1%          2    #......

Your spell library contained the following spells:

 Spells                   Type           Power        Failure   Level  Hunger
 Iskenderun's Mystic Bla  Conj           ####....     10%         4    ####...
 Dazzling Spray           Conj/Hex       ###...       11%         3    ###....
 Force Lance              Conj/Tloc      ###.....     36%         4    ####...
 Fulminant Prism          Conj/Hex       ###.......   36%         4    ####...


Dungeon Overview and Level Annotations

Branches:
Dungeon (5/15)
 Temple: D:4-7

Altars:
Kikubaaqudgha


Innate Abilities, Weirdness & Mutations

You can breathe blasts of noxious fumes.
Your lurid green scales are hard. (AC +6)
You cannot fit into any form of body armour.
Your system is resistant to poisons. (rPois)
You are cold-blooded and may be slowed by cold attacks.


Message History

Casting: Magic Dart (safe; 1% risk of failure)
Confirm with . or Enter, or press ? or * to list all spells.
Aiming: Searing Ray (safe; 1% risk of failure)
Press: ? - help, Shift-Dir - straight line, f - orc warrior
Aim: an orc warrior, wielding a +0 scimitar and wearing a +0 plate armour The searing ray hits the orc warrior.
The orc warrior is lightly wounded. (Press . to maintain the ray.)
The searing ray hits the orc warrior but does no damage.
The orc warrior is lightly wounded.
The searing ray misses the orc warrior.
The orc warrior hits you with a +0 scimitar!
* * * LOW HITPOINT WARNING * * *
The searing ray hits the orc warrior.
The orc warrior is lightly wounded.
You finish channeling your searing ray.
The orc warrior hits you with a +0 scimitar!
* * * LOW HITPOINT WARNING * * *
The orc warrior hits you with a +0 scimitar.
You die...

##.## #........##.## #.#
#.##.###.##.# #.# #.##.# #.##.##
##+## #....# #.###.# ##...##
#..### #.# ##. ## ##.....## #..#
#.# ## .## ##.......##
##..#####.# #
.(####.........####.........#####
.....'.........'@o...............
..####.........####...#.########.
.## ##.......## ##.##.# #. ##
##.....## ####.# #. ##...## #.#
#. ##+## #.# #< #.#### #.# #.
#....# #.# #. ##....### #.# #.


You could see an orc warrior.

Vanquished Creatures
  2 ogres
  Blork the orc (D:5)
  A scorpion (D:5)
  A jelly (D:5)
  A hound (D:3)
  An orc priest (D:3)
  An orc wizard (D:3)
  4 worker ants
  2 hound skeletons
  4 gnolls
  6 adders
  An adder skeleton (D:4)
  5 worms
  2 dart slugs
  A leopard gecko (D:2)
  7 orcs
  3 giant cockroaches (D:3)
  4 goblins (D:1)
  10 hobgoblins
  10 jackals (D:2)
  2 kobolds
  A quokka (D:2)
  3 ball pythons
  9 bats
  5 frilled lizards
  3 rats
90 creatures vanquished.

Notes
Turn   | Place    | Note
-------+----------+-------------------------------------------
     0 | D:1      | senseless the Draconian Conjurer began the quest for the
                  | Orb.
     0 | D:1      | Reached XP level 1. HP: 14/14 MP: 3/3
   502 | D:1      | Reached XP level 2. HP: 20/20 MP: 1/5
  1096 | D:2      | Reached XP level 3. HP: 21/26 MP: 0/6
  1602 | D:2      | Reached XP level 4. HP: 32/34 MP: 4/7
  2174 | D:3      | Found an ancient bone altar of Kikubaaqudgha.
  2426 | D:3      | Reached skill level 1 in Short Blades
  2473 | D:3      | Reached skill level 5 in Conjurations
  2481 | D:3      | Reached XP level 5. HP: 13/39 MP: 0/9
  3146 | D:3      | Reached skill level 1 in Fighting
  3555 | D:3      | Learned a level 2 spell: Searing Ray
  3758 | D:4      | Noticed an ogre
  4042 | D:4      | Killed an ogre
  4042 | D:4      | Reached XP level 6. HP: 47/47 MP: 2/11
  4689 | D:5      | Entered Level 5 of the Dungeon
  4813 | D:5      | Found a runed translucent door.
  5011 | D:5      | Reached skill level 6 in Conjurations
  5011 | D:5      | Your scales start taking on a lurid green colour.
  5011 | D:5      | Reached XP level 7. HP: 49/52 MP: 5/13
  5011 | D:5      | Gained mutation: Your system is resistant to poisons.
                  | (rPois) [Green Draconian growth]
  5537 | D:5      | Noticed Blork the orc
  5544 | D:5      | Killed Blork the orc
  5757 | D:5      | Slain by an orc warrior

Skill      XL: |  1  2  3  4  5  6  7 |
---------------+----------------------+-----
Dodging        | 2 3 |  3.0
Stealth        | 2 |  2.7
Short Blades   | 1 2 |  2.0
Conjurations   | 5 6 |  6.4
Spellcasting   | 3 4 |  4.5
Fighting       | 1 |  1.7

Action                   |  1- 3 |  4- 6 |  7- 9 || total
-------------------------+-------+-------+-------++-------
Melee: Whip              |    10 |       |       ||    10
       Dagger            |    53 |    56 |    17 ||   126
       Tailslap          |     6 |     7 |     1 ||    14
 Cast: Magic Dart        |    71 |   124 |    15 ||   210
       Searing Ray       |       |     3 |     4 ||     7
  Use: Scroll            |       |    10 |       ||    10
       Potion            |       |     4 |       ||     4
 Stab: Sleeping          |       |     1 |       ||     1
  Eat: Chunk             |     3 |     7 |     1 ||    11
       Ration            |       |     1 |     1 ||     2
Armor: Skin              |    24 |    18 |     9 ||    51
Dodge: Dodged            |    54 |    39 |     9 ||   102
